 Dungeon Crawl Stone Soup version 0.30.0-29-ga12c61a403 (webtiles) character file.

Game seed: 15263355353514504479

44 qw the Shield-Bearer (level 3, 0/23 HPs)
             Began as a Gargoyle Fighter on June 4, 2023.
             Constricted to death by Natasha (5 damage)
             ... on level 3 of the Dungeon.
             The game lasted 00:00:34 (1585 turns).

qw the Shield-Bearer (Gargoyle Fighter)             Turns: 1585, Time: 00:00:34

Health: 0/23       AC: 10    Str: 21    XL:     3   Next: 62%
Magic:  3/3        EV:  5    Int:  8    God:
Gold:   163        SH:  9    Dex: 15    Spells: 2/2 levels left

rFire   . . .        Y - +1 war axe
rCold   . . .        j - +0 kite shield
rNeg    + . .        b - +0 scale mail
rPois   inf          (no helmet)
rElec   +            (no cloak)
rCorr   .            (no gloves)
SInv    .            (no boots)
Will    .....        (no amulet) Stlth
                     h - +6 ring of dexterity
HPRegen 0.23/turn    (no ring)
MPRegen 0.08/turn

%: no passive effects
@: grasped by roots, constricted
A: sickness immunity, AC +3, negative energy resistance 1, electricity
resistance, torment resistance 1, petrification resistance
a: no special abilities


You were on level 3 of the Dungeon.
You visited 1 branch of the dungeon, and saw 3 of its levels.

You collected 163 gold pieces.


Innate Abilities, Weirdness & Mutations

You are immune to sickness and miasma.
Your stone body is resilient. (AC +3)
You are immune to poison.
You resist negative energy. (rN+)
You are resistant to electric shocks. (rElec)
You are resistant to unholy torment.
You are immune to petrification.


   Skills:
 - Level 3.2 Fighting
 - Level 3.0 Axes
 - Level 3.2 Armour
 + Level 0.0 Dodging
 - Level 4.0 Shields


You had 2 spell levels left.
You didn't know any spells.
Your spell library was empty.

Inventory:

Hand Weapons
 g - a +0 mace
 Y - a +1 war axe (weapon)
Armour
 b - a +0 scale mail (worn)
 j - a +0 kite shield (worn)
Jewellery
 h - a +6 ring of dexterity (left hand)
Scrolls
 a - a scroll of identify
Potions
 d - 2 potions of might
 f - a potion of haste
 o - a potion of cancellation

Dungeon Overview and Level Annotations

Branches:
Dungeon (3/15)

Altars:

Annotations:
D:3 Natasha


Message History

Natasha casts a spell at you.
The magic dart hits you but does no damage.
There is a stone staircase leading up here.
You hit the hobgoblin.
You kill the hobgoblin!
Natasha casts a spell at you. You resist with significant effort.
1574 ||| Stepping ~*~*~tactically~*~*~ (hiding).
You see here a hobgoblin corpse.
You start waiting.
Natasha is nearby!
Natasha zaps a wand.
The roots erupt in riotous growth!
The grasping roots grab you! The grasping roots constrict you.
There is a stone staircase leading up here.
You escape the roots grasp.
Natasha closely misses you.
You hit Natasha.
Natasha is lightly wounded.
Natasha zaps a wand.
The roots erupt in riotous growth!
The grasping roots grab you!
Natasha is unaffected.
The grasping roots constrict you. Natasha claws you but does no damage.
The grasping roots constrict you.
You slash Natasha!
Natasha is severely wounded.
You block Natasha's attack. The grasping roots constrict you.
You barely miss Natasha.
Natasha is severely wounded.
Natasha drinks a potion.
Natasha is healed!
The grasping roots constrict you. Natasha claws you but does no damage.
The grasping roots constrict you.
The grasping roots release their grip on you.
You closely miss Natasha.
Natasha is lightly wounded.
You block Natasha's attack.
You closely miss Natasha.
Natasha is lightly wounded.
Natasha zaps a wand.
The roots erupt in riotous growth!
The grasping roots grab you!
Natasha is unaffected.
The grasping roots constrict you.
You die...

... #.# ..#
### #.# ).#
#.# #.##.###
#.#.#.#####.#
#.h@<%.......
##.#.#%#####.#
#.###....###
#.[....##
####...# #...#
#...# #...#
#...#


You could see Natasha.

Vanquished Creatures
  An adder (D:2)
  A worm (D:2)
  A dart slug (D:2)
  3 endoplasms (D:1)
  4 giant cockroaches
  A goblin (D:1)
  3 hobgoblins
  3 jackals (D:1)
  2 quokkas
  A ball python (D:1)
  3 bats
  3 kobolds
26 creatures vanquished.

Notes
Turn   | Place    | Note
-------+----------+-------------------------------------------
     0 | D:1      | qw the Gargoyle Fighter began the quest for the Orb.
     0 | D:1      | Reached XP level 1. HP: 14/14 MP: 1/1
     0 | D:1      | 0 ||| qw: Version: 0.2-a-107-g4668610
     0 | D:1      | 0 ||| qw: Game counter: 1212
     0 | D:1      | 0 ||| qw: Always use a shield: true
     0 | D:1      | 0 ||| qw: God list: Okawaru
     0 | D:1      | 0 ||| qw: Allow faded altars: false
     0 | D:1      | 0 ||| qw: Do Orc after D:15 true
     0 | D:1      | 0 ||| qw: Do second Lair branch before Depths: true
     0 | D:1      | 0 ||| qw: Lair rune preference: random
     0 | D:1      | 0 ||| qw: Plans: Normal, Zot:1-4, Slime:5, God:TSO, Crypt,
                  | Tomb, Abyss, Pan, Hells, Win
     0 | D:1      | 0 ||| PLANNING D:1-11
   121 | D:1      | 121 ||| Stepping ~*~*~tactically~*~*~ (hiding).
   122 | D:1      | 122 ||| Stepping ~*~*~tactically~*~*~ (hiding).
   215 | D:1      | Reached XP level 2. HP: 19/19 MP: 2/2
   336 | D:1      | 336 ||| Stepping ~*~*~tactically~*~*~ (stealth).
   702 | D:1      | 702 ||| UPGRADING to +0 kite shield.
   712 | D:1      | 712 ||| DROPPING +0 buckler.
   713 | D:1      | 713 ||| UPGRADING to +6 ring of dexterity.
   714 | D:1      | 714 ||| READING 2 scrolls labelled OTWEMA KEUPO.
   772 | D:2      | Reached skill level 3 in Axes
   813 | D:2      | Reached XP level 3. HP: 23/23 MP: 3/3
   813 | D:2      | 813 ||| DROPPING +0 club.
  1171 | D:2      | 1171 ||| DROPPING +4 hand axe.
  1195 | D:2      | Found a faded altar of an unknown god.
  1506 | D:2      | 1506 ||| DROPPING ring of wizardry.
  1507 | D:2      | 1507 ||| DROPPING ring of magical power.
  1508 | D:2      | 1508 ||| READING scroll labelled QYNGOBU FO LEE.
  1509 | D:2      | 1509 ||| READING scroll labelled ECHUGIY PONINWO.
  1510 | D:2      | 1510 ||| READING scroll labelled FUIRCH FUMYB.
  1511 | D:2      | 1511 ||| READING scroll labelled OTEIKHL BUUK.
  1512 | D:2      | 1512 ||| DRINKING 2 golden potions.
  1513 | D:2      | 1513 ||| READING 3 scrolls of identify.
  1513 | D:2      | 1513 ||| IDENTIFYING coppery potion
  1514 | D:2      | 1514 ||| READING 2 scrolls of identify.
  1514 | D:2      | 1514 ||| IDENTIFYING silvery potion
  1515 | D:2      | 1515 ||| DROPPING potion of flight.
  1530 | D:3      | Reached skill level 4 in Shields
  1534 | D:3      | Noticed Natasha
  1536 | D:3      | 1536 ||| FLEEEEING.
  1537 | D:3      | 1537 ||| FLEEEEING.
  1538 | D:3      | 1538 ||| FLEEEEING.
  1539 | D:3      | 1539 ||| FLEEEEING.
  1540 | D:3      | 1540 ||| STAIRDANCE
  1574 | D:3      | 1574 ||| Stepping ~*~*~tactically~*~*~ (hiding).
  1583 | D:3      | HP: 5/23 [constriction (4)]
  1585 | D:3      | Constricted to death by Natasha

Levels and vault maps discovered:
D:1:      dpeg_arrival_prison, layout_basic
D:2:      layout_basic, basic_ecumenical_altar, minmay_increasing_density
D:3:      layout_loops_cross, lemuel_tele_altar, uniq_natasha, uniq_jessica

Skill      XL: |  1  2  3 |
---------------+----------+-----
Axes           | 2 3 |  3.0
Shields        | 4 |  4.0
Fighting       | |  3.2
Armour         | |  3.2

Action                     || total
---------------------------++-------
  Melee: War axe           ||    72
    Use: Scroll            ||     7
         Potion            ||     1
 Armour: Scale mail        ||    32
  Dodge: Dodged            ||    21
  Block: Buckler           ||     6
         Kite shield       ||    17

Table legend:
 A = Non-vault XP
 B = Vault XP
 C = Vault XP percentage of total XP
 D = Non-vault monster count
 E = Vault monster count
 F = Vault count percentage of total count
                 A         B        C        D         E       F
            +---------+---------+-------+---------+---------+-------
      Total |      54 |      10 |  15.6 |      22 |       4 |  15.4
            +---------+---------+-------+---------+---------+-------
        D:1 |      26 |       0 |   0.0 |      15 |       0 |   0.0
        D:2 |      24 |      10 |  29.4 |       5 |       4 |  44.4
        D:3 |       4 |       0 |   0.0 |       2 |       0 |   0.0
            +---------+---------+-------+---------+---------+-------
